 Dungeon Crawl Stone Soup version 0.23.1 (webtiles) character file.

Game seed: 16875187856290013212

64 Descartes the Insei (level 4, -1/22 HPs)
             Began as a Vine Stalker Transmuter on Mar 10, 2019.
             Slain by a quasit (2 damage)
             ... on level 2 of the Dungeon.
             The game lasted 00:05:23 (3590 turns).

Descartes the Insei (Vine Stalker Transmuter)       Turns: 3590, Time: 00:05:24

Health: -1/22      AC:  2    Str: 12    XL:     4   Next: 12%
Magic:  0/9        EV:  2    Int: 13    God:
Gold:   79         SH:  0    Dex: -7 (16) Spells: 5/8 levels left

rFire    . . .     SeeInvis .     - Unarmed
rCold    . . .     Gourm    .   (no shield)
rNeg     . . .     Faith    .   b - +0 robe
rPois    .         Spirit   +   (no helmet)
rElec    .         Reflect  .   (no cloak)
rCorr    .         Harm     .   (no gloves)
MR       .....                  (no boots)
Stlth    ..........             k - amulet of magic regeneration
HPRegen  0.47/turn              (no ring)
MPRegen  0.36/turn              (no ring)

@: slowed, lost dexterity, very slow
A: fangs 2, regeneration 1, magic shield, antimagic bite, no potion heal 3, rot
immunity
a: no special abilities


You were on level 2 of the Dungeon.
You were not hungry.

You visited 1 branch of the dungeon, and saw 3 of its levels.

You collected 79 gold pieces.

Inventory:

Missiles
 a - 17 arrows
 h - 12 stones
 n - 5 javelins (quivered)
Armour
 b - a +0 robe (worn)
Jewellery
 k - an amulet of magic regeneration (around neck)
Scrolls
 e - a scroll of enchant armour {unknown}
 f - 2 scrolls of identify {unknown}
 i - 2 scrolls of teleportation {unknown}
 j - 2 scrolls of magic mapping {unknown}
Potions
 c - 3 potions of heal wounds {unknown}
 g - a potion of might {unknown}
 m - a potion of magic {unknown}
 o - a potion of curing {unknown}
Comestibles
 d - 3 rations


   Skills:
 + Level 1.4 Fighting
 * Level 2.0 Dodging
 * Level 3.4 Unarmed Combat
 * Level 2.7 Spellcasting
 * Level 2.6 Transmutations


You had 5 spell levels left.
You knew the following spells:

 Your Spells              Type           Power        Failure   Level  Hunger
a - Beastly Appendage     Tmut           #.....       8%          1    #......
b - Sticks to Snakes      Tmut           #.......     12%         2    ###....

Your spell library contained the following spells:

 Spells                   Type           Power        Failure   Level  Hunger
 Spider Form              Tmut/Pois      #.........   38%         3    ###....
 Ice Form                 Ice/Tmut       #.......     80%         4    #####..
 Blade Hands              Tmut           #.........   91%         5    ######.


Dungeon Overview and Level Annotations

Branches:
Dungeon (3/15)

Altars:


Innate Abilities, Weirdness & Mutations

You have extremely sharp teeth.
Your natural rate of healing is unusually fast.
When hurt, damage is shared between your health and your magic reserves.
Your bite disrupts and absorbs the magic of your enemies.
Potions cannot restore your health.
You are immune to rotting.


Message History

You don't have enough magic to cast that spell.
Casting: Sticks to Snakes (safe; 12% risk of failure)
Confirm with . or Enter, or press ? or * to list all spells.
You don't have enough magic to cast that spell.
The quasit bites you.
* * * LOW HITPOINT WARNING * * *
The quasit claws you.
* * * LOW HITPOINT WARNING * * *
You feel clumsy.
The quasit claws you but does no damage.
The quasit bites you.
* * * LOW HITPOINT WARNING * * *
The quasit claws you but does no damage. x2
The quasit bites you.
* * * LOW HITPOINT WARNING * * *
You feel clumsy. The quasit claws you.
You feel clumsy. The quasit claws you.
You die...

##########
#.@......#
#5######.#
#.######.#
#.#......#
####.#......# ###
#.)..#......#
#.#####)#########.#
#.......#######
#.##########
#.####........#
#...........


You could see a quasit.

Vanquished Creatures
  An adder (D:3)
  2 worms (D:2)
  A dart slug (D:1)
  5 giant cockroaches
  5 goblins
  6 hobgoblins
  3 quokkas (D:2)
  6 bats
  2 frilled lizards
  8 kobolds
  6 rats
45 creatures vanquished.

Vanquished Creatures (collateral kills)
  A hobgoblin (D:3)
1 creature vanquished.

Grand Total: 46 creatures vanquished

Notes
Turn   | Place    | Note
-------+----------+-------------------------------------------
     0 | D:1      | Descartes the Vine Stalker Transmuter began the quest for
                  | the Orb.
     0 | D:1      | Reached XP level 1. HP: 9/9 MP: 4/4
   513 | D:1      | Reached skill level 1 in Fighting
   514 | D:1      | Reached XP level 2. HP: 11/14 MP: 6/6
   532 | D:1      | Learned a level 2 spell: Sticks to Snakes
  1762 | D:2      | Reached XP level 3. HP: 14/18 MP: 5/7
  3536 | D:3      | Gained mutation: Your natural rate of healing is unusually
                  | fast. [Vine Stalker growth]
  3536 | D:3      | Reached XP level 4. HP: 18/22 MP: 7/9
  3584 | D:2      | Lost dexterity.
  3590 | D:2      | HP: 1/22 [quasit (1)]
  3590 | D:2      | Slain by a quasit

Skill      XL: |  1  2  3 |
---------------+----------+-----
Fighting       | 1 |  1.4
Dodging        | 2 |  2.0
Unarmed Combat | |  3.4
Spellcasting   | |  2.7
Transmutations | |  2.6

Action                   |  1- 3 |  4- 6 || total
-------------------------+-------+-------++-------
Melee: Unarmed           |   178 |    27 ||   205
       Bite              |    52 |     2 ||    54
       Punch             |     2 |       ||     2
       Kick              |     2 |     2 ||     4
 Cast: Beastly Appendage |     1 |       ||     1
       Sticks to Snakes  |       |     3 ||     3
 Stab: Sleeping          |     3 |       ||     3
  Eat: Ration            |     2 |       ||     2
       Chunk             |     2 |       ||     2
Armor: Robe              |    36 |    45 ||    81
Dodge: Dodged            |   112 |    56 ||   168
